← All builds
Geo / Armada / Economy first / OBSERVED BUILD

Standard geo

Armada Geo build order · Supreme Isthmus

The role's usual economy-first play, teching up through geothermal and advanced metal extractor into T2 constructor and Starlight to supply front.

Usually blows up the commander for T2 (67%)

#eco #t2 · 874 distinct matches · 121 players · 55% of Armada Geo games · team won 54% of 981 · Recently observed

HOW TO PLAY IT

Key timing: T2 constructor by 4:55

  1. Open 2 mex and wind, then Bot Lab by 0:35.
  2. Rush geothermal powerplant to fund T2 ahead of other roles.
  3. Get T2 constructor out to start building T2 units.
  4. Add Vehicle Plant and Advanced Geothermal for the T2 push.
  5. Fly first Starlight to front with a transport from Air.

Phase by phase

TYPICAL OF ITS 874 GAMES
  1. 1
  2. 2
  3. 3
  4. 4
PLAY THE OPENING

Follow the example game's first 6:00 step by step: what to build now, what comes next, and where it goes. At 1× it keeps pace with your own game.

  1. 1

    Up to the Bot Lab

    Economy
    • Metal Extractor2Mex
    • Wind Turbine4Wind
    Order
    1. Bot LabBot Lab after 2 mex, 4 winddone ~1:08, middle half 0:58–1:21

    By 0:51 in all: 2 mex · 4 wind

    The example game in this phase · 3 steps
    1. Mex ×2
    2. Wind ×3
    3. Bot LabBot Labdone 0:52 · typical 1:08
  2. 2

    Bot Lab to 5:00

    Economy
    • Metal Extractor2Mex
    • Wind Turbine3Wind
    • Energy Converter8Converter
    • Energy Storage1Energy storage
    Order
    1. Geothermal PowerplantGeo after 4 mex, 5 wind, 1 energy storage
    2. Bot LabEat Bot Lab
    Builders
    • Construction Turret5 Con turret
    • Lazarus4 Lazarus
    • Construction Bot2 Con bot
    • Construction Bot1 Con bot for allies
    • Lazarus1 Lazarus for allies

    By 5:00 in all: 4 mex · 7 wind · 1 geo · 8 converter · 1 energy storage · 5 con turret

    The example game in this phase · 27 steps
    1. LazarusLazarus
    2. Wind ×2
    3. Construction BotCon bot
    4. Wind
    5. LazarusLazarus
    6. Construction BotCon botfor Beach sea
    7. Wind
    8. Mex
    9. LazarusLazarusfor Beach sea
    10. PawnPawnfor Beach sea
    11. LazarusLazarus
    12. Mex
    13. Energy storage
    14. Geothermal PowerplantGeodone 2:51 · typical 3:28
    15. Bot LabEat Bot Labreclaimed for its metal
    16. Wind
    17. Con turret ×2
    18. Converter
    19. Con turret
    20. Converter ×3
    21. Con turret
    22. Converter ×2
    23. Con turret
    24. Converter ×4
    25. Wind ×2
    26. Converter
    27. Wind ×9
  3. 3

    5:00 to Vehicle Plant

    Order
    1. Advanced Geothermal PowerplantAdvanced Geothermal Powerplant after 8 wind, 10 converter, 6 con turretin 59% of games
    2. Vehicle PlantVehicle Plant after 9 wind, 10 converter, 6 con turretdone ~7:07, middle half 6:41–7:34
    Builders
    • Construction Turret1 Con turret

    Some games also: converter (49%) · wind (47%)

    By 6:59 in all: 4 mex · 10 wind · 1 geo · 1 Advanced Geothermal Powerplant · 10 converter · 1 energy storage

    The example game in this phase · 4 steps
    1. Advanced Metal ExtractorT2 mex ×3done 5:29 · typical 5:35
    2. Advanced Geothermal PowerplantAdvanced Geothermal Powerplantdone 6:53 · typical 7:09
    3. Advanced Metal ExtractorT2 mex
    4. Vehicle PlantVehicle Plantdone 6:58 · typical 7:07
  4. 4

    Vehicle Plant to 10:00

    Economy
    • Wind Turbine6Wind
    • Energy Converter4Converter
    Order
    1. Advanced Vehicle PlantAdvanced Vehicle Plant after 11 wind, 12 converter, 7 con turret
    2. Vehicle PlantEat Vehicle Plant
    Builders
    • Construction Turret1 Con turret
    • Construction Vehicle1 Con vehicle
    • Advanced Construction Vehicle1 T2 con vehicle for allies
    Army
    • Starlight2 Starlight
    • Umbra1 Jammer
    • Prophet1 Radar vehicle

    Some games also: Jaguar (33%) · Radar Tower (30%)

    By 10:00 in all: 4 mex · 21 wind · 1 geo · 1 Advanced Geothermal Powerplant · 16 converter · 1 energy storage

    The example game in this phase · 93 steps
    1. Construction VehicleCon vehicle
    2. Advanced Vehicle PlantAdvanced Vehicle Plantdone 7:34 · typical 8:03
    3. Vehicle PlantEat Vehicle Plantreclaimed for its metal
    4. Radar TowerRadar Tower
    5. UmbraJammer
    6. ProphetRadar vehicle
    7. Con turret
    8. StarlightStarlightnot finished by 15:00 · typical 9:01
    9. SentrySentry
    10. ShredderShredderdone 8:09
    11. StarlightStarlight
    12. SentrySentry
    13. Con turret
    14. StarlightStarlight
    15. SentrySentry
    16. StarlightStarlight
    17. SentrySentry
    18. JaguarJaguar
    19. Wind
    20. JaguarJaguar
    21. Wind
    22. JaguarJaguar
    23. Wind
    24. JaguarJaguar ×2
    25. Wind
    26. JaguarJaguar
    27. Wind
    28. JaguarJaguar
    29. Wind
    30. JaguarJaguar
    31. Converter
    32. JaguarJaguar
    33. Con turret
    34. Converter
    35. JaguarJaguar
    36. Wind
    37. ShredderShredder ×2
    38. Wind
    39. ShredderShredder
    40. Wind ×2
    41. JaguarJaguar ×2
    42. Wind
    43. Converter
    44. JaguarJaguar
    45. Wind
    46. JaguarJaguar
    47. Wind
    48. Converter
    49. JaguarJaguar
    50. Wind
    51. JaguarJaguar
    52. Wind ×2
    53. JaguarJaguar
    54. Wind ×2
    55. JaguarJaguar
    56. Wind ×2
    57. JaguarJaguar ×2
    58. Wind ×2
    59. Converter
    60. Wind
    61. BullBulldone 12:32
    62. Converter
    63. Wind ×2
    64. Converter
    65. BullBull
    66. Wind
    67. Converter
    68. Wind
    69. BullBull
    70. Wind ×2
    71. BullBull
    72. Wind ×5
    73. BullBull
    74. Wind ×2
    75. Converter
    76. Wind
    77. BullBull
    78. Converter
    79. Wind ×2
    80. Converter
    81. BullBull
    82. Wind
    83. Converter
    84. Wind
    85. BullBull
    86. Wind ×5
    87. BullBull
    88. JaguarJaguar
    89. Wind
    90. BullBull
    91. Wind ×3
    92. BullBull
    93. Converter

Counts are medians over the build's games: half of them build more, half fewer. The example game is JosephPilates's (49 OS, 11/10/2026); pick another.

Team trades

IN AT LEAST 30% OF ITS GAMES

You hand over

  • Lazarus1 Lazarus to Beach seafirst at 2:16 · in 78% of games
  • Construction Bot1 Con bot to Beach seafirst at 2:27 · in 88% of games
  • Advanced Construction Vehicle1 T2 con vehicle to Suicide front or Frontfirst at 8:44 · in 64% of games

You get

  • Hercules1 Light transport from Airfirst at 4:21 · in 31% of games
  • Advanced Construction Bot1 T2 con bot from Techfirst at 4:51 · in 95% of games

How it plays out

Typical game of this build, running totals by minute

Metal produced

020k40k
0:005:0010:0015:00

metal

Enemy metal destroyed

05k10k15k
0:005:0010:0015:00

metal

Own metal lost

02k4k6k
0:005:0010:0015:00

metal

981 games.

Show as table
ByMetal produced: This buildEnemy metal destroyed: This buildOwn metal lost: This build
1:0033300
2:0082100
3:00153200
4:00269200
5:00371600
6:00565300
7:00809300
8:0011505042
9:001453754130
10:0017433534260
11:00203811956666
12:002324439161810
13:002603260863209
14:002896885214596
15:0031674105735975
WHAT THE NUMBERS SAY

Standard Geo play wins about half its games while destroying the most enemy metal by 15:00 among the roles shown here.

  • + Enemy metal destroyed jumps to 10560 by 15:00, highest of all six builds.
  • + Starlight makes up 34% of army, delivering the long-range T2 push.
  • − Own metal lost reaches 5977 by 15:00 from the aggressive T2 push.
  • − First Starlight only arrives in 60% of games, a late or inconsistent push.
THE EXAMPLE YOU ARE READING

JosephPilates

49.1 OS · 11/10/2026

Open source match ↗

4 received units · includes a constructor
514 metal received · 86849 energy received

Allied construction assistance is unknown. Timings are observations, not a promise of solo reproducibility.

Typical milestones

Bot Lab1:08Middle 50%: 0:58–1:21 · n=980
Geothermal Powerplant3:28Middle 50%: 3:11–3:44 · n=978
Advanced Metal Extractor5:35Middle 50%: 5:20–5:58 · n=974
Vehicle Plant7:07Middle 50%: 6:41–7:34 · n=947
Advanced Geothermal Powerplant7:09Middle 50%: 6:50–7:39 · n=702
Advanced Vehicle Plant8:03Middle 50%: 7:40–8:38 · n=900
Starlight9:01Middle 50%: 8:31–9:43 · n=801

Played most by

zeus_on_god118games of this build0neTw0110games of this buildXad53games of this buildViltrum46games of this buildDamsko40games of this build